[Event "*** Titled Tuesday Blitz"]
[Site "Chess.com"]
[Date "2021.03.30"]
[Round "6"]
[White "DeTimmerman"]
[Black "dropstoneDP"]
[Result "1/2-1/2"]
[WhiteElo "2741"]
[BlackElo "2935"]
[TimeControl "180+1"]
[EndTime "11:07:24 PDT"]
[Termination "Game drawn by repetition"]

1. b4 e5 2. Bb2 Bxb4 3. Bxe5 Nf6 4. Nc3 c6 5. e3 O-O 6. a3 Ba5 7. Nf3 Re8 8. Be2 d6 9. Bg3 Bxc3 10. dxc3 Ne4 11.
Qd4 c5 12. Qc4 b5 13. Qd5 Qb6 14. Ng5 Nxg5 15. Qxg5 Bb7 16. O-O Nd7 17. Rfd1 Ne5 18. Rab1 Qc6 19. f3 a6 20. e4 f6 21. Qd2 Rad8 22. c4 Nxc4 23. Bxc4+ bxc4 24. Qc3 Bc8 25.
Qxc4+ Be6 26. Qc3 d5 27. exd5 Rxd5 28. h3 h6 29. Bf2 Re5 30. Re1 Bf5 31. Rxe5 Rxe5 32.
Re1 Rxe1+ 33. Bxe1 Kh7 34. Bf2 c4 35. Qb2 Qd5 36.
c3 Qd1+ 37. Kh2 Qb3 38. Qc1 Qa2 39. Bd4 Bd3 40. Kg1 a5 41. Bb6 a4 42. Bd4 Kg8 43. Bc5 Kf7 44. Bd4 g5 45. Bc5 h5 46. Qe1 Be2 47. Qf2 Kg6 48. Qd4 Qb1+ 49. Kh2 Qb8+ 50. Bd6 Qb7 51. Qe3 Bd3 52. Qe8+ Qf7 53. Qxa4 Qe6 54.
Qc6 g4 55. hxg4 hxg4 56. Qc5 gxf3 57. gxf3 Qe1 58. Qg1+ Qxg1+ 59. Kxg1 Bc2 60. Kf2 Kf5 61. Ke3 Ke6 62. Bc5 Kd5 63. Bd4 f5 64. Kf4 Ke6 65. Ke3 Kd5 66. Kf4 Ke6 67. Ke3 Kd5 1/2-1/2

[Event "*** Titled Tuesday Blitz"]
[Site "Chess.com"]
[Date "2021.03.30"]
[Round "6"]
[White "hypert"]
[Black "QuintilianoR"]
[Result "1/2-1/2"]
[WhiteElo "2534"]
[BlackElo "2718"]
[TimeControl "180+1"]
[EndTime "11:07:25 PDT"]
[Termination "Game drawn - insufficient material"]

1. e4 c5 2. Nc3 Nc6 3. Nf3 e5 4. Bc4 Be7 5. d3 d6 6. Nd2 Nf6 7. Nf1 Bg4 8. Qd2 O-O 9. Ne3 Be6 10. Ncd5 a6 11. a4 Rb8 12. O-O b5 13. Nxf6+ Bxf6 14. axb5 axb5 15. Bd5 Ne7 16. Qe2 Qd7 17. Bd2 g6 18. Ra6 Bxd5 19. Nxd5 Nxd5 20. exd5 Ra8 21. Rfa1 Qb7 22. Rxa8 Rxa8 23. Rxa8+ Qxa8 24. c4 Qa1+ 25. Be1 bxc4 26. dxc4 e4 27. Qxe4 Bxb2 28. Kf1 Bc3 29. Qe3 Bxe1 30. Qxe1 Qd4 31. Qe2 Qa1+ 32. Qe1 Qa2 33.
Qe4 Qd2 34. g3 Qc3 35. h4 h5 36. Ke2 Kf8 37. Kf1 Qc1+ 38. Kg2 Qc3 39. Qf4 Ke7 40. Qg5+ Qf6 41. Qe3+ Kd7 42. Qa3 Qe5 43. Qa7+ Ke8 44. Qb8+ Ke7 45. Qc7+ Kf8 46. Qd7 Kg7 47. Qa4 Qe4+ 48.
Kg1 Qe1+ 49. Kg2 Qe4+ 50. Kg1 Qd4 51. Qc2 Qe5 52. Kg2 f5 53. Qd3 Kf6 54. Kf3 Kf7 55.
Kg2 Qe4+ 56. Qxe4 fxe4 57. f3 Kf6 58. fxe4 Ke5 59. Kf3 Kd4 60. Kf4 Kxc4 61. Ke3 Kb5 62. Kd3 Kb6 63. Kc4 Kc7 64. e5 dxe5 65. Kxc5 Kd7 66. d6 e4 67. Kd4 Kxd6 68. Kxe4 Ke6 69. Kf4 Kf6 70. g4 hxg4 71. Kxg4 Kg7 72. h5 Kh6 73. hxg6 Kxg6 1/2-1/2

[Event "*** Titled Tuesday Blitz"]
[Site "Chess.com"]
[Date "2021.03.30"]
[Round "6"]
[White "eldur16"]
[Black "TorFredrikKaasen"]
[Result "0-1"]
[WhiteElo "2585"]
[BlackElo "2744"]
[TimeControl "180+1"]
[EndTime "11:07:26 PDT"]
[Termination "TorFredrikKaasen won on time"]

1. Nf3 Nf6 2. g3 g6 3. b4 Bg7 4.
Bb2 O-O 5. Bg2 a5 6. b5 a4 7. O-O c6 8. c4 d5 9. d3 Nbd7 10. Na3 Nc5 11. Qc2 Ne6 12. e3 Ne8 13. Bxg7 N8xg7 14. bxc6 bxc6 15. Rfc1 Qd6 16. Qc3 Ba6 17.
Rab1 Nf5 18. d4 Rab8 19. Ne5 Rfd8 20. h4 Rxb1 21. Rxb1 c5 22. dxc5 Qxc5 23. Nd3 Qc7 24. Nb4 Bxc4 25. Rc1 Rc8 26. Nxc4 Qxc4 27. Nxd5 Qxc3 28.
Rxc3 Rb8 29. Be4 Nd6 30. Bc2 Rb2 31. Bxa4 Rxa2 32. Bd7 Ne4 33. Rc8+ Kg7 34. f3 Nxg3 35.
Nxe7 Ne2+ 36. Kf1 Ng3+ 37. Kg1 Kf6 38. Nd5+ Ke5 39. Bc6 Ng7 40. f4+ Kd6 41. Bb7 N7f5 42. Rd8+ Kc5 43. Nc3 Rc2 44. Rd3 Kb6 45. Bf3 Rxc3 46. Rxc3 Nxh4 47. Kf2 Ngf5 48. e4 Ng7 49. e5 Nhf5 50. Bd5 Ne6 51. Rc6+ Kb5 52. Rc4 Nfd4 53.
Ke3 Nb3 0-1

[Event "*** Titled Tuesday Blitz"]
[Site "Chess.com"]
[Date "2021.03.30"]
[Round "6"]
[White "BlackWidow515"]
[Black "Romadk"]
[Result "0-1"]
[WhiteElo "2178"]
[BlackElo "2310"]
[TimeControl "180+1"]
[EndTime "11:07:26 PDT"]
[Termination "Romadk won on time"]

1. d4 Nf6 2. Nf3 d5 3. g3 b5 4.
Bg2 Bb7 5. O-O e6 6. Nbd2 Nbd7 7.
b3 c5 8. Bb2 c4 9. Rc1 Qa5 10. a4 c3 11. Bxc3 Qxc3 12. axb5 Ba3 13. Nb1 Qb4 14. Nxa3 Qxa3 15. c4 O-O 16. c5 Bc8 17.
Qd3 Rb8 18. c6 Nb6 19. Ne5 Qd6 20. Ra1 Ra8 21. Rfc1 Ne8 22. Ra5 Nc7 23. Rca1 Qb4 24. Rxa7 Rxa7 25. Rxa7 Nxb5 26. Ra1 Nxd4 27. e3 Nf5 28.
Bf1 f6 29. Nf3 Nd6 30. Nd4 e5 31. Nc2 Qc5 32. Bg2 Bf5 33. e4 Nxe4 34. Qe2 Qxc6 35. Ne3 Be6 36. b4 Rc8 37. h4 Nc3 38. Qb2 Qb5 39.
Bf1 Qd7 40. Ra6 Qb7 41. b5 d4 42. Nc2 Nba4 43. Qb4 Qf3 44. Rxe6 Nc5 45. Re7 N5e4 46.
Qb3+ Kh8 47. Bg2 Qxf2+ 48. Kh2 Qxg3+ 49. Kh1 Nf2+ 50. Kg1 Ne2+ 51. Kf1 Qxb3 52. Bc6 Nf4 53. Ne3 Qxe3 0-1

[Event "*** Titled Tuesday Blitz"]
[Site "Chess.com"]
[Date "2021.03.30"]
[Round "6"]
[White "annacramling"]
[Black "julinha97"]
[Result "1-0"]
[WhiteElo "2092"]
[BlackElo "2271"]
[TimeControl "180+1"]
[EndTime "11:07:26 PDT"]
[Termination "annacramling won by resignation"]

1. d4 Nf6 2. c4 g6 3. Nc3 d5 4. cxd5 Nxd5 5. e4 Nxc3 6. bxc3 Bg7 7. Qa4+ Nd7 8. Bg5 O-O 9. Nf3 c5 10. Rd1 Nb6 11. Qa3 Qc7 12. Be2 Bg4 13. O-O Rfd8 14. d5 Bxf3 15. Bxf3 Nc4 16. Qc1 Rac8 17. Bg4 Rb8 18.
Bf4 Be5 19. Bxe5 Nxe5 20. Be2 f6 21. f4 Nf7 22. Bg4 c4 23. Be6 Kg7 24. e5 f5 25.
Qe3 Qa5 26. d6 exd6 27. Bxf7 Kxf7 28. exd6 Qb6 29. Qxb6 axb6 30. Rfe1 Rd7 31. Re5 Ra8 32. Rd2 Ra3 33. Re3 Ra5 34. Kf2 Rc5 35. Kf3 Rc6 36. Rd4 Rdxd6 37. Rxd6 Rxd6 38. Re5 Rd3+ 39. Re3 Rxe3+ 40.
Kxe3 Ke6 41. Kd4 b5 42. Kc5 h6 43. Kxb5 Kd5 44. a4 g5 45. fxg5 hxg5 46. a5 f4 47. h3 Ke4 48. Kb6 Kd3 49. Kxb7 Kxc3 50. a6 Kd3 51. a7 c3 52. a8=Q c2 53. Qa6+ Kd2 54. Qd6+ Ke2 55. Qc5 Kd1 56. Qd4+ Ke2 57. Qc4+ Kd2 58. Qb4+ Ke2 59. Qc3 Kd1 60. Qf3+ Kc1 61.
Qg4 Kd2 62. Qxg5 c1=Q 63. Qxf4+ Kd1 64. Qxc1+ Kxc1 65. h4 Kd2 66. h5 Ke3 67. h6 Kf2 68. h7 Kxg2 69. h8=Q 1-0

[Event "*** Titled Tuesday Blitz"]
[Site "Chess.com"]
[Date "2021.03.30"]
[Round "6"]
[White "Olga_Zhuravleva"]
[Black "Terao90"]
[Result "1-0"]
[WhiteElo "2339"]
[BlackElo "2539"]
[TimeControl "180+1"]
[EndTime "11:07:27 PDT"]
[Termination "Olga_Zhuravleva won on time"]

1. e4 c5 2. Nf3 Nc6 3. Nc3 g6 4. d4 cxd4 5. Nxd4 Bg7 6. Nb3 d6 7. Be2 Nf6 8. O-O O-O 9. Re1 Be6 10. Bf1 Na5 11. Bg5 h6 12. Bh4 Re8 13. Nd5 g5 14. Bg3 Rc8 15. c3 Nc4 16. Rb1 a6 17. Kh1 b5 18. f4 Bxd5 19. exd5 Qb6 20. fxg5 hxg5 21. Qf3 Qb7 22. Red1 g4 23. Qd3 Ne5 24. Bxe5 dxe5 25. Qf5 e4 26. Be2 g3 27. hxg3 Qc7 28. Qg5 Nh7 29. Qg4 Nf6 30. Qh4 Qe5 31. Rd4 Rcd8 32.
Rbd1 Rxd5 33. Rxd5 Nxd5 34. Nd4 Nf6 35. Rf1 e6 36. g4 Nh7 37. Nc6 Qg5 38. Qf2 Nf6 39. Kg1 e3 40. Qf3 Rf8 41. Ne7+ Kh8 42. Qh3+ Nh7 43. Nc6 Kg8 44. Bd3 f5 45. gxf5 exf5 46. Bxf5 Nf6 47. Be6+ Rf7 48. Bxf7+ Kxf7 49. Qc8 e2 50.
Qc7+ Kg6 51. Re1 Qe3+ 52. Kh1 Qf2 53. Ne5+ Kf5 54. Nf3 Ne4 55. Qe5+ Kg6 56. Qxe4+ 1-0

[Event "*** Titled Tuesday Blitz"]
[Site "Chess.com"]
[Date "2021.03.30"]
[Round "6"]
[White "MPGM"]
[Black "mac0504"]
[Result "0-1"]
[WhiteElo "2570"]
[BlackElo "2462"]
[TimeControl "180+1"]
[EndTime "11:07:28 PDT"]
[Termination "mac0504 won by resignation"]

1. e4 c5 2. Nf3 e6 3. d4 cxd4 4. Nxd4 Nc6 5. Nc3 Qc7 6. Nxc6 Qxc6 7. Bb5 Qc7 8. O-O a6 9. Bd3 b5 10. a3 Bb7 11. f4 Bc5+ 12. Kh1 Ne7 13. f5 f6 14. Qh5+ Kf8 15. fxe6 dxe6 16. Bh6 Kg8 17. Qg4 Ng6 18. Qxe6+ Qf7 19. Qxf7+ Kxf7 20. Bd2 Rad8 21. a4 b4 22. Nd5 Ne5 23. Be2 Bxd5 24. exd5 Rxd5 25.
Bf4 a5 26. Rae1 Rhd8 27. Bh5+ Ng6 28. Bc7 Rc8 29. Bg4 Rxc7 30. Be6+ Ke7 31. Bxd5+ Ne5 32. Bb3 Bd4 33. Rb1 h5 34. g3 g5 35. Rfe1 Kd6 36.
Red1 Kc5 37. Be6 Re7 38. Bf5 Nc4 39. c3 bxc3 40. bxc3 Bxc3 41. Rb5+ Kc6 42. Rc1 Re1+ 43.
Rxe1 Bxe1 44. Be4+ Kd6 45. Rd5+ Ke6 46. Rc5 Ne5 47. Bf3 Bb4 48. Rb5 Nxf3 49. Rb6+ Kf5 50. Kg2 Ne5 51. Rb5 Ke4 52. h3 g4 53. h4 Kd4 54.
Rb6 Kc4 55. Rxf6 Kb3 56. Rf5 Nc4 57. Rxh5 Kxa4 58. Rg5 Kb3 59. Rxg4 Ne3+ 60. Kf3 Nxg4 61.
Kxg4 a4 62. h5 a3 63. h6 Bc3 64. h7 a2 0-1

[Event "*** Titled Tuesday Blitz"]
[Site "Chess.com"]
[Date "2021.03.30"]
[Round "6"]
[White "TioCridineno"]
[Black "SaqoChess_Twitch"]
[Result "1-0"]
[WhiteElo "2288"]
[BlackElo "2461"]
[TimeControl "180+1"]
[EndTime "11:07:28 PDT"]
[Termination "TioCridineno won by resignation"]

1. e4 c5 2. Nf3 d6 3. d4 cxd4 4. Nxd4 Nf6 5. Nc3 a6 6. Bg5 e6 7. f4 Nbd7 8. Qf3 Qb6 9. O-O-O Be7 10. Bh4 h6 11. Bf2 Qa5 12. Kb1 e5 13. Nb3 Qc7 14. f5 Nc5 15. g4 b6 16. h4 Bb7 17.
Bd3 O-O-O 18. g5 hxg5 19. hxg5 Nfd7 20. Be3 f6 21. g6 Nxb3 22. axb3 Nc5 23. Bc4 Nxe4 24.
Nxe4 d5 25. Bd3 dxe4 26. Bxe4 Rxh1 27. Rxh1 Bxe4 28. Qxe4 Kb8 29. Rh7 Bf8 30. Qa4 Kb7 31. Rh4 b5 32. Qe4+ Qc6 33. Qg4 Qd5 34. Rh2 Qd1+ 35.
Qxd1 Rxd1+ 36. Ka2 Rf1 37. Rh8 Bd6 38. Rg8 Rxf5 39.
Rxg7+ Kc6 40. Ra7 Rf3 41. Rxa6+ Kd5 42. Bh6 Rg3 43. g7 Rg6 44. Ra8 e4 45. g8=Q+ Rxg8 46. Rxg8 f5 47. Rd8 Ke6 48. c4 bxc4 49. bxc4 f4 50.
Bxf4 Bxf4 51. b4 Bd6 52. Re8+ Kf5 53. Kb3 Be5 54. c5 e3 55. Kc4 Ke4 56. Rg8 e2 57.
Rg1 Bg3 58. b5 Bf2 59. Rb1 Ke3 60. b6 Ke4 61. Kb5 Kd5 62. c6 Kd6 63. c7 Kd7 64.
Ka6 Bg3 65. Kb7 1-0

[Event "*** Titled Tuesday Blitz"]
[Site "Chess.com"]
[Date "2021.03.30"]
[Round "6"]
[White "Onischuk_V"]
[Black "Leonid_Starozhilov"]
[Result "1/2-1/2"]
[WhiteElo "2883"]
[BlackElo "2716"]
[TimeControl "180+1"]
[EndTime "11:07:29 PDT"]
[Termination "Game drawn - insufficient material"]

1. Nf3 Nf6 2. g3 g6 3. Bg2 Bg7 4. O-O O-O 5. d3 d6 6. c4 c6 7.
Nc3 a6 8. Rb1 d5 9. Qc2 b5 10. b4 bxc4 11. dxc4 Bf5 12. Qb3 Bxb1 13. Qxb1 e6 14. Rd1 Nbd7 15. Nd4 Ne5 16. c5 Qd7 17. e4 Qb7 18. a3 Rfc8 19. Nb3 Nc4 20.
exd5 exd5 21. Bg5 Nxa3 22. Qd3 Qxb4 23. Nd4 Qxc5 24. Na4 Qf8 25. Nb6 Nc4 26. Nxa8 Nb2 27. Qc2 Nxd1 28. Nb6 Rb8 29. Bxf6 Rxb6 30. Bxg7 Kxg7 31.
Qxd1 Qb4 32. Bf1 Qb1 33. Qd2 Qe4 34. Qc3 Qe5 35. Qc5 Rb1 36. Nxc6 Qe2 37. Qd4+ f6 38.
Qa7+ Kh6 39. Qe3+ Qxe3 40. fxe3 Rb6 41. Na5 Re6 42. Kf2 Kg7 43. Bd3 Rb6 44. Kf3 h5 45. h4 g5 46. g4 hxg4+ 47. Kxg4 Rb4+ 48. Kf5 Rxh4 49. Nc6 Rh3 50. Bxa6 Rxe3 51. Kg4 Re4+ 52. Kf3 Rf4+ 53. Kg3 d4 54. Bd3 Kf7 55. Nb4 Ke6 56. Nc2 Ke5 57. Ne1 f5 58. Ng2 Kf6 59. Nxf4 gxf4+ 60.
Kxf4 Ke6 61. Bxf5+ Kd5 62. Bd3 Kc5 63. Ke4 Kb4 64.
Kxd4 1/2-1/2

[Event "*** Titled Tuesday Blitz"]
[Site "Chess.com"]
[Date "2021.03.30"]
[Round "6"]
[White "Trickov"]
[Black "HrvojeZagreb"]
[Result "0-1"]
[WhiteElo "2403"]
[BlackElo "2237"]
[TimeControl "180+1"]
[EndTime "11:07:29 PDT"]
[Termination "HrvojeZagreb won by resignation"]

1. d4 e6 2. Nf3 f5 3. g3 Nf6 4.
Bg2 Be7 5. O-O O-O 6. c4 d6 7.
Nc3 Qe8 8. Qb3 Ne4 9. Nxe4 fxe4 10. Ng5 Bxg5 11. Bxg5 Qg6 12. Be3 c6 13. d5 exd5 14.
cxd5 c5 15. Rac1 b6 16. Bf4 Na6 17. Rc4 Bf5 18. Qa4 Nb4 19. a3 Nxd5 20. Bc1 Nf6 21. b4 Bd7 22. Qc2 Bb5 23. Bxe4 Nxe4 24. Rxe4 Rae8 25.
f3 d5 26. Qa2 Bc4 27. Rxc4 dxc4 28. Qxc4+ Qe6 29. Qxe6+ Rxe6 30. bxc5 bxc5 31. e4 Rd8 32.
Be3 Rc6 33. e5 a6 34. f4 g6 35. Kf2 Rd3 36. Rb1 Rxa3 37. Rb8+ Kf7 38. Rb7+ Kg8 39. Rb8+ Kf7 40. Rb7+ Ke6 41. Rxh7 c4 42. Rg7 Kf5 43. Rf7+ Ke4 44. Ba7 Ra2+ 45. Ke1 c3 46. Rd7 c2 47. Rd4+ Kf3 48. Rd3+ Kg4 49. Be3 c1=Q+ 50. Bxc1 Rxc1+ 51. Rd1 Rxd1+ 52. Kxd1 Rxh2 53. e6 Rh8 54. Ke2 Kf5 55. Ke3 Kxe6 56. g4 Rh4 57. Kf3 Rh3+ 58. Kg2 Ra3 0-1

[Event "*** Titled Tuesday Blitz"]
[Site "Chess.com"]
[Date "2021.03.30"]
[Round "6"]
[White "Rital44"]
[Black "iamnotIM"]
[Result "0-1"]
[WhiteElo "2438"]
[BlackElo "2594"]
[TimeControl "180+1"]
[EndTime "11:07:30 PDT"]
[Termination "iamnotIM won by resignation"]

1. e4 c5 2. Nf3 d6 3. d4 cxd4 4. Nxd4 Nf6 5. Nc3 g6 6. Be3 Bg7 7. f3 Nc6 8. Qd2 O-O 9. O-O-O d5 10. Nxc6 bxc6 11. Kb1 Rb8 12. e5 Nd7 13. f4 Qa5 14.
h4 Qb4 15. b3 a5 16. Ne2 Qxd2 17. Rxd2 e6 18. h5 a4 19. g4 axb3 20. axb3 Ba6 21.
h6 Bh8 22. g5 c5 23. Nc1 Ra8 24. Bxa6 Rxa6 25. c4 d4 26. Bf2 Rfa8 27. Ra2 Rxa2 28. Nxa2 Nxe5 29. fxe5 Bxe5 30. Re1 Bf4 31. Nc1 Bxg5 32.
Nd3 Be7 33. Kb2 Bf8 34. Ra1 Rxa1 35. Kxa1 f6 36. b4 cxb4 37. Bxd4 e5 38. Be3 Kf7 39. Kb2 e4 40. Nf4 g5 41. Nd5 Bxh6 42. c5 Ke6 43. c6 Kd6 44. c7 Kd7 45. Bb6 Bf8 46. Nxf6+ Kc8 47. Nxe4 Be7 48. Ng3 Bd6 49. Nf5 Bxc7 50. Be3 g4 51. Kb3 Kd7 52. Kxb4 Ke6 53. Nd4+ Kd5 54.
Kc3 Ke4 55. Bg1 Be5 56. Kc4 Bxd4 57. Bxd4 h5 58. Bf2 Kf3 59. Bg1 h4 60. Kd3 g3 61. Kd2 h3 62. Ke1 h2 0-1

[Event "*** Titled Tuesday Blitz"]
[Site "Chess.com"]
[Date "2021.03.30"]
[Round "6"]
[White "c63_amg"]
[Black "MasterKroket"]
[Result "1-0"]
[WhiteElo "2712"]
[BlackElo "2518"]
[TimeControl "180+1"]
[EndTime "11:07:33 PDT"]
[Termination "c63_amg won by checkmate"]

1. e4 c5 2. Nf3 e6 3. Nc3 Nc6 4. Bb5 Nge7 5. O-O a6 6. Bxc6 Nxc6 7. d4 cxd4 8. Nxd4 Qc7 9. Nxc6 Qxc6 10. Re1 d6 11. Qg4 b5 12. Qg3 Bb7 13. a4 g6 14.
axb5 axb5 15. Rxa8+ Bxa8 16. Bg5 Bg7 17. Nd5 h6 18.
Bf4 Kd7 19. Nb4 Qc5 20. c3 Be5 21. Rd1 Ke7 22. Bxe5 Qxe5 23. Qe3 Qxe4 24. Qa7+ Kf6 25. f3 Qe2 26. Qd4+ Qe5 27. Qxd6 Qxd6 28. Rxd6 g5 29. Rb6 Rd8 30. Rxb5 Rd2 31. Rb8 Bd5 32. Rb5 Ba8 33.
Rb6 g4 34. Rb8 Bd5 35. Nxd5+ exd5 36. fxg4 Ke5 37. h3 Ke4 38. Kh2 Rf2 39. Rb6 Kd3 40. Rxh6 Rxb2 41. Rc6 Rb3 42. Rc7 Rxc3 43. Rxf7 d4 44.
g5 Ke4 45. g6 Rc6 46. g7 Rg6 47. h4 d3 48. h5 Rg5 49. g4 d2 50. Rd7 Ke3 51. h6 Rxg4 52. h7 Rh4+ 53. Kg3 Rxh7 54. Re7+ Kd3 55. Rd7+ Ke2 56. g8=Q Rxd7 57. Qe8+ Kf1 58.
Qxd7 Ke1 59. Qe6+ Kd1 60. Qb3+ Kc1 61. Qc3+ Kd1 62. Kf3 Ke1 63. Ke3 Kf1 64. Qxd2 Kg1 65. Kf3 Kh1 66. Qg2# 1-0

[Event "*** Titled Tuesday Blitz"]
[Site "Chess.com"]
[Date "2021.03.30"]
[Round "6"]
[White "ChessQueen"]
[Black "GOGIEFF"]
[Result "0-1"]
[WhiteElo "2711"]
[BlackElo "2895"]
[TimeControl "180+1"]
[EndTime "11:07:35 PDT"]
[Termination "GOGIEFF won on time"]

1. e4 e6 2. d4 d5 3. Nc3 Nf6 4. Bg5 Be7 5. e5 Nfd7 6. h4 Bxg5 7. hxg5 Qxg5 8. Nf3 Qe7 9. Bd3 h6 10. Ne2 c5 11. c3 Nc6 12. Qd2 cxd4 13. cxd4 Qb4 14. a3 Qxd2+ 15. Kxd2 Na5 16. Kc3 b6 17. b4 Nc4 18. a4 Bb7 19. Kb3 Rc8 20. Rac1 Ke7 21.
Nf4 Rc7 22. Rc2 Rhc8 23. Rhc1 a6 24. g4 b5 25. a5 Rh8 26. Nh5 Rcc8 27. Rh1 Rcg8 28.
Ng3 Nb8 29. Rcc1 Nc6 30. Ne2 Bc8 31. Rh4 f6 32. exf6+ gxf6 33. Nf4 Kd6 34. Ng6 Rh7 35. Rch1 Bd7 36. Rxh6 Rhg7 37. Kc3 Be8 38. Nf4 Rf8 39. Re1 Bd7 40. Nh5 Rxg4 41. Nxf6 Rf4 42. Nxd7 Kxd7 43. Rexe6 Nd8 44. Ng5 Nxe6 45. Nxe6 R8f6 46.
Nc5+ Kc6 47. Rh7 Rxf2 48. Ra7 R6f3 49. Rxa6+ Kc7 50. Ra7+ Kb8 51. Rb7+ Kc8 52. Rxb5 Ra2 53. Nb3 Ra3 54. Rxd5 Ne3 55. Rc5+ Kb8 56. Rb5+ Ka7 57.
Be4 Nd1+ 58. Kc2 Rfxb3 59. Kxd1 Rb2 60. Rc5 Rh2 61. Rc7+ Kb8 62. Rc2 Ra1+ 63. Rc1 Raa2 0-1

[Event "*** Titled Tuesday Blitz"]
[Site "Chess.com"]
[Date "2021.03.30"]
[Round "6"]
[White "BahadirOzen"]
[Black "Tenamu"]
[Result "0-1"]
[WhiteElo "2761"]
[BlackElo "2465"]
[TimeControl "180+1"]
[EndTime "11:07:36 PDT"]
[Termination "Tenamu won on time"]

1. g3 d5 2. Nf3 Nf6 3. Bg2 c6 4. O-O Bg4 5. c4 e6 6. cxd5 exd5 7. d3 Nbd7 8. h3 Bh5 9. Qc2 Bd6 10. Nc3 O-O 11. e4 Re8 12. Be3 Qe7 13. Rfe1 Qf8 14. a3 a5 15. Nh4 dxe4 16. dxe4 Bc5 17. Kh2 Bxe3 18. Rxe3 Qc5 19. Rae1 Bg6 20. Nxg6 hxg6 21. Qb3 b5 22. f4 a4 23. Qa2 g5 24. e5 gxf4 25.
gxf4 Qd4 26. Rf3 Nh5 27. Rd1 Qa7 28. Ne4 Nc5 29. Nd6 Rf8 30. Qb1 Ne6 31. Qe4 Rad8 32. h4 Qe7 33. f5 Nc5 34. Qe1 f6 35. Re3 Qc7 36. Qc3 Nb7 37. Red3 fxe5 38. Nxb7 Rxd3 39. Rxd3 e4+ 40. Rd6 Qxb7 41. Bxe4 Qe7 42. Qxc6 Qxh4+ 43. Kg1 Qg3+ 44. Bg2 Nf4 45. Rd7 Qxg2+ 46. Qxg2 Nxg2 47. Kxg2 Rxf5 48. Rb7 Kh7 49. Kg3 Kh6 50. Kg4 g6 51. Rb6 Rc5 52. Kf4 Kh5 53. Rb8 Rf5+ 54. Kg3 Kg5 55.
Rb6 Re5 56. Rb7 Kf5 57. Kf3 g5 58. Rb6 g4+ 59. Kg3 Re3+ 60. Kf2 Rb3 61. Kf1 Rxb2 62. Rb8 Kf4 63. Rb7 g3 64. Kg1 Ke3 65. Re7+ Kd4 66. Rb7 Kc4 0-1

[Event "*** Titled Tuesday Blitz"]
[Site "Chess.com"]
[Date "2021.03.30"]
[Round "6"]
[White "Das_Virus_2020"]
[Black "Mili_Brizzi"]
[Result "1-0"]
[WhiteElo "2477"]
[BlackElo "2300"]
[TimeControl "180+1"]
[EndTime "11:07:36 PDT"]
[Termination "Das_Virus_2020 won on time"]

1. e4 c6 2. d4 d5 3. Nc3 dxe4 4. Nxe4 Bf5 5. Nc5 e5 6. Nxb7 Qb6 7. Nc5 exd4 8. Nb3 c5 9. Bd3 Bxd3 10. cxd3 Nf6 11.
Nf3 Be7 12. O-O O-O 13. Nfd2 Nbd7 14. Nc4 Qc7 15. Qf3 Ne5 16. Nxe5 Qxe5 17. Nd2 Bd6 18.
g3 Bc7 19. Nc4 Qd5 20. Qxd5 Nxd5 21. Bd2 Rab8 22. Rfe1 Rfe8 23. Kf1 f6 24. Rxe8+ Rxe8 25. Rc1 Rb8 26. b3 Kf7 27. Nb2 Bb6 28. Na4 g5 29. Nxc5 Rc8 30. b4 a5 31. a3 axb4 32. axb4 h5 33. Ke2 h4 34. Nb3 Re8+ 35. Kf3 hxg3 36. hxg3 Kg6 37. Rc4 f5 38. Nxd4 g4+ 39. Kg2 Ra8 40.
Nc2 Ra2 41. Kf1 Kf6 42. Ke2 Ke5 43. Be3 Bxe3 44. fxe3 Nxb4 45. Kd2 Nxc2 46. Rxc2 Ra1 47. Rc5+ Ke6 48. e4 fxe4 49. dxe4 Rg1 50. Ke3 Rxg3+ 51.
Kf4 Rf3+ 52. Kxg4 Rf1 53. Rf5 Rg1+ 54. Kf4 Rf1+ 55. Kg5 Rg1+ 56. Kh4 Rh1+ 57. Kg3 Rg1+ 58. Kf2 Rg8 59. Kf3 Rg1 60. Ra5 Rf1+ 61. Ke2 Rg1 62. Rb5 Rg2+ 63. Kf3 Rg1 64. Ke3 Re1+ 65. Kd3 Rd1+ 66.
Ke2 Rg1 67. Rc5 Rg2+ 68. Kd3 Rg3+ 69. Kd4 Rg1 70. Rc6+ Kd7 71. Ra6 Rd1+ 72. Ke5 Rb1 73. Ra7+ Ke8 74. Kf6 Rb5 75. e5 Rb8 76. e6 1-0

[Event "*** Titled Tuesday Blitz"]
[Site "Chess.com"]
[Date "2021.03.30"]
[Round "6"]
[White "Mamedyarov_twitch"]
[Black "esapunov"]
[Result "1-0"]
[WhiteElo "2942"]
[BlackElo "2733"]
[TimeControl "180+1"]
[EndTime "11:07:37 PDT"]
[Termination "Mamedyarov_twitch won by resignation"]

1. e4 c5 2. c3 Nf6 3. e5 Nd5 4. Bc4 e6 5. d4 cxd4 6. Bxd5 exd5 7. Qxd4 d6 8. Qxd5 Nc6 9. exd6 Bxd6 10. Nf3 O-O 11.
Be3 Qc7 12. Nbd2 Rd8 13. Qh5 b6 14. O-O Ba6 15. Rfe1 Bf8 16. Ne4 Bd3 17. Qh4 Be7 18. Bg5 f6 19. Bf4 Qd7 20. Qg3 Kh8 21. h3 Bf8 22.
Rad1 Qf7 23. b3 Bc2 24. Rxd8 Rxd8 25. Nd6 Qd7 26. Re2 Bg6 27. Rd2 Qe6 28. Nc4 Rxd2 29. Bxd2 Bb1 30. Ne3 Bxa2 31. b4 b5 32. Qc7 Kg8 33.
Qb7 Bc4 34. Nxc4 Qxc4 35. h4 h5 36. Qd7 a5 37. bxa5 Nxa5 38. Qf5 Nb3 39. Be3 Qxc3 40. Qd5+ Kh7 41. Qxh5+ Kg8 42. Qd5+ Kh8 43. Qxb5 Nc5 44. Qe8 Kg8 45. g3 Qc4 46. Kg2 Qd5 47. Qb5 Kf7 48. Qa5 Ke6 49. Qb6+ Kf7 50. Qc7+ Ke6 51. Qc8+ Kf7 52. Qc7+ Nd7 53. Qa7 Ke6 54. Qa6+ Kf7 55. Qc8 Be7 56. Qa6 Ne5 57. Qe2 g5 58. hxg5 fxg5 59.
Bxg5 Nxf3 60. Qxe7+ Kg6 61. Qf6+ Kh7 62. Qxf3 1-0

[Event "*** Titled Tuesday Blitz"]
[Site "Chess.com"]
[Date "2021.03.30"]
[Round "6"]
[White "KroshkaKami"]
[Black "Niktlt"]
[Result "1/2-1/2"]
[WhiteElo "2461"]
[BlackElo "2581"]
[TimeControl "180+1"]
[EndTime "11:07:37 PDT"]
[Termination "Game drawn by stalemate"]

1. e4 e6 2. d3 d5 3. Nd2 c5 4.
Ngf3 Nc6 5. g3 Nf6 6. Bg2 g6 7.
O-O Bg7 8. Ng5 O-O 9. c3 a5 10. a4 b6 11. Re1 Ba6 12. Qc2 e5 13. exd5 Nxd5 14. Nc4 Rb8 15. h4 f5 16. h5 Qd7 17.
hxg6 hxg6 18. Qb3 Bxc4 19. Qxc4 Rbd8 20. Bxd5+ Qxd5 21. Ne6 Qxd3 22. Qxd3 Rxd3 23. Nxf8 Kxf8 24. Bg5 e4 25. Rad1 Ne5 26. Rxd3 Nxd3 27. Re2 Ke8 28. Kg2 Kd7 29. f3 exf3+ 30. Kxf3 Ne5+ 31. Kg2 Ke6 32. Kf2 Bf6 33. Bf4 g5 34. Bxe5 Bxe5 35. Rd2 Bd6 36. Kf3 g4+ 37. Kf2 Kd7 38. Rd3 Ke6 39. Rd1 f4 40. gxf4 Bxf4 41. Rd8 Bc7 42. Rg8 g3+ 43. Kf3 Kd5 44. Rg4 Be5 45. c4+ Kc6 46. b3 Bd6 47.
Rg6 Kd7 48. Rh6 Kc6 49. Rg6 Kd7 50. Rg8 Bc7 51. Rg7+ Kd6 52. Rg6+ Kd7 53. Rg7+ Kc8 54. Ke4 Kd8 55. Kd5 Bf4 56. Kc6 Ke8 57. Kxb6 Kf8 58. Rg4 Bd2 59. Kxc5 Be1 60. Kd5 Kf7 61. c5 Kf6 62. Kd6 Kf5 63. Rg8 Bd2 64. c6 Bf4+ 65.
Kd7 g2 66. Rxg2 Ke4 67. Rc2 Kd3 68. c7 Kxc2 69. c8=Q+ Kxb3 70. Qc6 Bd2 71. Qb5+ Bb4 72. Kc6 Kc3 73. Kb6 Kd4 74. Qxa5 Bxa5+ 75. Kxa5 Kc5 76. Ka6 Kc6 77. Ka5 Kc7 78. Ka6 Kb8 79. Ka5 Ka8 80.
Kb5 Kb8 81. Kb6 Ka8 82. a5 Kb8 83. a6 Ka8 84. a7 1/2-1/2

[Event "*** Titled Tuesday Blitz"]
[Site "Chess.com"]
[Date "2021.03.30"]
[Round "6"]
[White "FoggyMorning"]
[Black "WPWPWP-2015"]
[Result "1-0"]
[WhiteElo "2601"]
[BlackElo "2460"]
[TimeControl "180+1"]
[EndTime "11:07:38 PDT"]
[Termination "FoggyMorning won by checkmate"]

1. e4 c5 2. Nf3 d6 3. d4 cxd4 4. Nxd4 Nf6 5. Nc3 a6 6. h3 e6 7. g4 h6 8. Be3 Bd7 9. Bg2 Nc6 10. Nxc6 Bxc6 11. f4 Nd7 12. O-O g5 13. fxg5 hxg5 14. Qd2 Be7 15. Rf2 Ne5 16. Bd4 Qc7 17. Raf1 O-O-O 18. Qe3 Nc4 19. Qe2 Ne5 20. b3 f6 21.
Qe3 Nd7 22. a4 e5 23. Nd5 Bxd5 24. exd5 exd4 25. Qxe7 Rde8 26. Qg7 Rhg8 27. Qf7 Rgf8 28. Qg6 Ne5 29. Qf5+ Kb8 30. Qe4 Qc5 31. Kh1 Nd7 32. Qh7 Ne5 33. Rxf6 Rxf6 34. Rxf6 d3 35. cxd3 Qd4 36.
Rf1 Nxd3 37. Qg6 Qe3 38. Qxd6+ Ka8 39. Qf6 Nf4 40. Qxg5 Nxg2 41. Qxe3 Nxe3 42. Re1 Kb8 43. Kg1 Re7 44. d6 Re5 45. Kf2 Rd5 46. Rxe3 Rxd6 47. h4 Kc7 48. Kg3 Rd1 49. h5 Rg1+ 50. Kh4 Rh1+ 51.
Kg5 Kd6 52. h6 b5 53. Kg6 Rh4 54. g5 Kd5 55. h7 Kd4 56. Re7 b4 57. Ra7 Kc3 58. Rxa6 Kxb3 59. Ra8 Kc4 60. h8=Q Rxh8 61. Rxh8 b3 62. Rc8+ Kb4 63. Rb8+ Kxa4 64. Kh7 b2 65. g6 b1=Q 66. Rxb1 Ka3 67. g7 Ka2 68. Rb7 Ka3 69. g8=Q Ka4 70. Qa8# 1-0